Unix NetHack Version 5.0.0-0 post-release - last build May 10 2026 23:12:36 (d1fa5d53e341ca933230fdaa984d921c805b60aa,branch:main).

Game began 2026-05-16 10:24:48, ended 2026-05-16 10:35:20.

ArrBianca, neutral female human Priestess

                                                            ---
                                                           --.|
                                                ----     --...|
                                                |..|    --....--
                                                |..----........---
                                                |...|).....*.|...|
               ..<                              |--.|.---.|.- --.|
               .).                               .....| ---    |.|      ..
               ...                                |..--        |.--    ...
                                                  --.|         |..-    -..
                                                    .|         --..|   |G.
                                                     |          -..-----h-
                                                                 .......@|
                                                                  ...-----
                                                                  -

ArrBianca the Acolyte        St:10 Dx:9 Co:13 In:14 Wi:18 Ch:12  Neutral
Dlvl:4  $:4  HP:0(29) Pw:8(24) AC:7  Xp:3 T:1291 

Latest messages:
 This lichen corpse tastes okay.
 You finish eating the lichen corpse.
 You hear someone cursing shoplifters.
 You descend the stairs.
 You hit the gnome lord!
 You are hit by a dagger.
 You hit the gnome lord!
 You hear a nearby zap.
 You materialize in a different location!
 A lit field surrounds you!
 A lit field surrounds you!
 You are hit by a dagger.
 The hobbit hits!
 You miss the hobbit.
 You kill the hobbit!
 Welcome to experience level 3.
 o - a food ration (5 in total).
 You see here a blue gem.
 You kill the gnome!
 You see here a thonged club.
 You are beginning to feel hungry.
 What do you want to eat? [efopx or ?*] ?
 This lembas wafer is delicious!
 You finish eating the lembas wafer.
 What do you want to drop? [$a-mo-qs-vxyAB or ?*] d
 You drop 4 potions of holy water.
 d - 4 potions of holy water.
 You see here a thonged club.
 You hear a D flat squeak in the distance.
 You sense the presence of monsters.
 (For instructions type a '?')
 Done.
 A lit field surrounds you!
 A lit field surrounds you!
 You kill the gnome!
 What do you want to zap? [v or ?*] v
 A lit field surrounds you!
 You miss the dwarf.
 The dwarf thrusts her broad short sword.
 The dwarf hits!
 You miss the dwarf.
 The dwarf thrusts her broad short sword.
 The dwarf hits!
 You miss the dwarf.
 You miss the dwarf.
 You miss the dwarf.
 The dwarf thrusts her broad short sword.
 The dwarf hits!
 You die...
 Do you want an account of creatures vanquished? [ynaq] (y) q

Inventory:
 Coins    ('$')
  $ - 4 gold pieces
 Weapons  (')')
  s - a blessed +0 dart
  t - 21 +0 darts
  a - a blessed +1 mace (weapon in right hand)
 Armor    ('[')
  c - a +0 small shield
  j - a +0 small shield (being worn)
  b - a +0 robe (being worn)
 Comestibles  ('%')
  e - a clove of garlic
  o - 5 food rations
  x - a cursed food ration
  p - a lembas wafer
  f - 2 sprigs of wolfsbane
 Scrolls  ('?')
  k - a scroll of enchant weapon
  y - a scroll of scare monster
 Spellbooks  ('+')
  g - a spellbook of detect monsters
  h - a spellbook of light
 Potions  ('!')
  l - 2 blessed potions of healing
  m - 3 potions of healing
  d - 4 potions of holy water
 Rings    ('=')
  A - a ring of free action (on left hand)
  q - a ring of stealth (on right hand)
 Wands    ('/')
  v - a wand of light (0:11)
 Tools    ('(')
  i - an oil lamp
  B - a skeleton key
 Gems/Stones  ('*')
  u - a worthless piece of blue glass

ArrBianca the Priestess's attributes:

Background:
 You were an Acolyte, a level 3 human Priestess.
 You were neutral, nominally on a mission for Brigit
 who was opposed by Lugh (lawful) and Manannan Mac Lir (chaotic).
 You were right-handed.
 You were in the Gnomish Mines, on level 4.
 You entered the dungeon 1291 turns ago.
 There was a new moon in effect when your adventure ended.
 You had 59 experience points, 21 more were needed to attain level 4.

Basics:
 You had 0 out of 29 hit points.
 You had 8 out of 24 energy points (spell power).
 Your armor class was 7.
 Your wallet contained 4 zorkmids.
 Autopickup was on for '$?!/="+%' plus thrown, with exceptions.

Final Characteristics:
 Your strength was 10 (limit:18/100).
 Your dexterity was 9 (limit:18).
 Your constitution was 13 (limit:18).
 Your intelligence was 14 (limit:18).
 Your wisdom was 18 (limit:18).
 Your charisma was 12 (limit:18).

Final Status:
 You weren't hungry.
 You were unencumbered.
 You were wielding a mace.
 You had basic skill with mace.

Final Attributes:
 You were devoutly aligned.
 You were stealthy.
 You were guarded.
 Your spell casting was enhanced by wearing a robe.
 You had free action.
 You are dead.

Miscellaneous:
 You didn't encounter any bones levels.
 Total elapsed playing time was 10 minutes and 32 seconds.

Major events:
 Turn
    1: ArrBianca the neutral human Priestess entered the dungeon
 1203: entered the Gnomish Mines
 1224: attained the rank of Acolyte (level 3)
 1291: killed by a dwarf

Spells:
 Name                 Level Category     Fail Retention
 detect monsters        1   divination     0%  76%-100%
 light                  1   clerical       0%  91%-100%

Skills:
 Fighting Skills
   bare handed combat [Unskilled]
 Weapon Skills
   club               [Unskilled]
   mace               [Basic]
   morning star       [Unskilled]
   flail              [Unskilled]
   hammer             [Unskilled]
   quarterstaff       [Unskilled]
   polearms           [Unskilled]
   spear              [Unskilled]
   trident            [Unskilled]
   lance              [Unskilled]
   bow                [Unskilled]
   sling              [Unskilled]
   crossbow           [Unskilled]
   dart               [Unskilled]
   shuriken           [Unskilled]
   boomerang          [Unskilled]
   unicorn horn       [Unskilled]
 Spellcasting Skills
   healing spells     [Unskilled]
   divination spells  [Unskilled]
   clerical spells    [Basic]

Voluntary challenges:
 Character rerolling was not enabled.
 You were an atheist.
 You were illiterate.
 You never had a pet.
 You never genocided any monsters.
 You never polymorphed an object.
 You never changed form.
 You used no wishes.
Achievements:
 You entered a shop.
 You entered the Gnomish Mines.
 You attained the rank of Acolyte.

 The Dungeons of Doom: levels 1 to 3
    Level 1:
       Some fountains.
    Level 2:
       Some fountains.
    Level 3:
       A tool shop.
       Stairs down to The Gnomish Mines.
 The Gnomish Mines:
    Level 4: <- You were here.
       Final resting place for
          you, killed by a dwarf.


Vanquished creatures:
  a hobbit
  2 giant rats
  2 gnomes
  5 jackals
  a goblin
  2 sewer rats
  4 lichens
  a kobold zombie
  4 newts
22 creatures vanquished.

No species were genocided or became extinct.

Game over:
                       ----------
                      /          \
                     /    REST    \
                    /      IN      \
                   /     PEACE      \
                  /                  \
                  |    ArrBianca     |
                  |       4 Au       |
                  |   killed by a    |
                  |      dwarf       |
                  |                  |
                  |                  |
                  |       2026       |
                 *|     *  *  *      | *
        _________)/\\_//(\/(/\)/\//\/|_)_______

Goodbye ArrBianca the Priestess...

You died in The Gnomish Mines on dungeon level 4 with 410 points,
and 4 pieces of gold, after 1291 moves.
You were level 3 with a maximum of 29 hit points when you died.

